 Dungeon Crawl Stone Soup version 0.26-a0-712-ga5a9c9c9d0 (webtiles) character file.

Game seed: 10673040823907810170

39 Inarius the Chopper (level 3, -2/33 HPs)
             Began as a Draconian Chaos Knight on Nov 2, 2020.
             Was a Plaything of Xom.
             Slain by Sigmund
             ... wielding a +0 scythe
              (8 damage)
             ... on level 2 of the Dungeon.
             The game lasted 00:01:49 (996 turns).

Inarius the Chopper (Draconian Chaos Knight)         Turns: 996, Time: 00:01:49

Health: -2/33      AC:  5    Str: 13    XL:     3   Next: 26%
Magic:  3/3        EV: 12    Int: 10    God:    Xom [*.....]
Gold:   30         SH:  0    Dex:  8    Spells: 2/2 levels left

rFire    . . .     SeeInvis .   a - +0 hand axe (chaos)
rCold    . . .     Faith    .   (no shield)
rNeg     . . .     Spirit   .   (armour unavailable)
rPois    .         Reflect  .   (helmet restricted)
rElec    .         Harm     .   (no cloak)
rCorr    .         Rampage  .   (no gloves)
MR       .....                  (no boots)
Stlth    +.........             (no amulet)
HPRegen  0.11/turn              (no ring)
MPRegen  0.08/turn              (no ring)

@: flying, hasted, drained, very quick
A: unfitting armour, clumsy 1, dopey 1, weak 1, cold-blooded, AC +5
a: Renounce Religion


You were on level 2 of the Dungeon.
You worshipped Xom.
You were a special plaything of Xom.
You visited 1 branch of the dungeon, and saw 2 of its levels.

You collected 30 gold pieces.

Inventory:

Hand Weapons
 a - a +0 hand axe of chaos (weapon)
Scrolls
 b - a scroll of magic mapping {unknown}
 d - a scroll of immolation {unknown}
Potions
 f - a potion of resistance {unknown}


   Skills:
 + Level 3.7(2.8) Fighting
 * Level 3.9(3.0) Axes
 + Level 2.4(1.5) Dodging


You had 2 spell levels left.
You didn't know any spells.
Your spell library was empty.

Dungeon Overview and Level Annotations

Branches:
Dungeon (2/15)

Altars:
Gozag

Annotations:
D:2 Sigmund


Innate Abilities, Weirdness & Mutations

Your plain brown scales are hard. (AC +5)
You cannot fit into any form of body armour.
You are cold-blooded and may be slowed by cold attacks.
You are clumsy. (Dex -2)
You are dopey. (Int -2)
You are weak. (Str -2)


Message History

A puff of flame appears from out of thin air!
The puff of flame misses you.
You hit something. You barely miss something. You hit something.
You feel better.
You tail-slap something. Something hits you!
You barely miss something. You hit something.
You hear a shout!
Something barely misses you. Something hits you!!
Ouch! That really hurt!
* * * LOW HITPOINT WARNING * * *
Something hits you but does no damage.
It was a potion of flight.
You feel very buoyant.
You fly up into the air.
Xom thinks this is hilarious!
Something hits you!
You die...

.####........ ....
............. ....
..###.#..###.# #..# ..#
#.#..# #.# #..#... ..#
#.#..# #.# #..#..# ..# ..#
#.#..###.# #..#..# ..#. ..#
#.#....#.# #..#..#..... ..#
#.#..# #.###..#..#...#.
..###.#..###.##.@..........
.....................#...#.
.........###.##............
.######<..##...............
.######..###..#...#$.#...#.
.........................#
#######..###..#.#.#..#....
.........# #..#.#.#..#...#
#######.## #..#.#....< ..#


There were no monsters in sight!

Vanquished Creatures
  An adder (D:2)
  2 worms (D:2)
  A dart slug (D:1)
  6 bats
  A giant cockroach (D:2)
  3 goblins
  A hobgoblin (D:1)
  A kobold (D:1)
  2 quokkas (D:2)
  A frilled lizard (D:2)
  2 rats
21 creatures vanquished.

Vanquished Creatures (others)
  An adder (D:2)
1 creature vanquished.

Grand Total: 22 creatures vanquished

Notes
Turn   | Place    | Note
-------+----------+-------------------------------------------
     0 | D:1      | Inarius the Draconian Chaos Knight began the quest for the
                  | Orb.
     0 | D:1      | Reached XP level 1. HP: 19/19 MP: 1/1
    70 | D:1      | XOM: silly message
   117 | D:1      | XOM: 1-stop teleportation journey
   215 | D:1      | Reached XP level 2. HP: 26/26 MP: 2/2
   309 | D:1      | Noticed a shapeshifter
   309 | D:1      | an ooze changed into a shapeshifter
   309 | D:1      | Noticed a troll
   309 | D:1      | a shapeshifter changed into a troll
   335 | D:1      | XOM: scenery: summon butterflies
   340 | D:1      | XOM: fake destruction
   344 | D:1      | Noticed a salamander
   345 | D:1      | XOM: enchant monster (bad)
   347 | D:1      | Noticed a wind drake
   347 | D:1      | a salamander changed into a wind drake
   510 | D:2      | XOM: give mutations
   510 | D:2      | Gained mutation: You are dopey. (Int -2) [Xom's mischief]
   510 | D:2      | Gained mutation: You are clumsy. (Dex -2) [Xom's mischief]
   510 | D:2      | Gained mutation: You are weak. (Str -2) [Xom's mischief]
   596 | D:2      | XOM: divine lightning
   613 | D:2      | XOM: draining
   613 | D:2      | XOM: butterfly on damage
   619 | D:2      | Reached XP level 3. HP: 6/33 MP: 3/3
   916 | D:2      | Found an opulent altar of Gozag.
   924 | D:2      | Noticed Sigmund
   996 | D:2      | Slain by Sigmund

Illustrated notes

Levels and vault maps discovered:
D:1:      dpeg_arrival_water_fire, layout_loops_ring
D:2:      layout_basic, lemuel_doored_altar, uniq_robin, uniq_sigmund

Action                   || total
-------------------------++-------
Melee: Hand axe          ||    60
       Tailslap          ||     4
  Use: Potion            ||     2
 Stab: Paralysed         ||     1
Armor: Skin              ||    19
Dodge: Dodged            ||    37

Table legend: (Time is in decaauts)
 A = Elapsed time spent in this place.
 B = Non-inter-level travel time spent in this place.
 C = Inter-level travel time spent in this place.
 D = Time resting spent in this place.
 E = Time spent auto-exploring this place.
 F = Levels seen in this place.
 G = Mean time per level.
                   A        B        C        D        E       F      G
               +--------+--------+--------+--------+--------+-----+--------+
         Total |    996 |    996 |      0 |    331 |    385 |   2 |  498.0 |
       Dungeon |    996 |    996 |      0 |    331 |    385 |   2 |  498.0 |
               +--------+--------+--------+--------+--------+-----+--------+

Top non-repeatable levels by time:
     D:2: 640 daAuts
     D:1: 356 daAuts
